 Dungeon Crawl Stone Soup version 0.31-a0-819-gf6de2f5ab6 (webtiles) character file.

Game seed: 14680200494441020449

5286 quinnr the Tainter (level 10, -9/56 HPs)
             Began as a Tengu Air Elementalist on Sept 23, 2023.
             Was a Follower of Vehumet.
             Killed from afar by a steam dragon (24 damage)
             ... with a ball of steam
             ... on level 9 of the Dungeon.
             The game lasted 00:23:33 (10510 turns).

quinnr the Tainter (Tengu Air Elementalist)        Turns: 10510, Time: 00:23:34

Health: -9/56      AC:  5    Str: 10    XL:     10   Next: 63%
Magic:  8/15       EV: 33    Int: 19    God:    Vehumet [*.....]
Gold:   459        SH:  5    Dex: 14    Spells: 4/15 levels left

rFire   . . .        r - staff of poison {!a}
rCold   . . .        (no shield)
rNeg    . . .        d - +1 leather armour {rPois}
rPois   +            (helmet restricted)
rElec   .            (no cloak)
rCorr   .            f - +0 pair of gloves
SInv    .            (boots unavailable)
Will    .....        A - amulet of reflection
Stlth   ++           (no ring)
HPRegen 0.29/turn    (no ring)
MPRegen 0.14/turn

%: reflection, acrobat
@: acrobatic, flying
A: beak, talons 3, evasive flight, acrobatic
a: Renounce Religion


You were on level 9 of the Dungeon.
You worshipped Vehumet.
Vehumet was aware of your devotion.
You visited 2 branches of the dungeon, and saw 10 of its levels.

You collected 516 gold pieces.
You spent 57 gold pieces at shops.


Innate Abilities, Weirdness & Mutations

You have a beak for a mouth.
You have claws for feet.
Your magical flight helps you evade attacks. (EV +4)
You can magically evade attacks while moving or waiting.


   Skills:
 - Level 4.0 Fighting
 - Level 4.0 Armour
 - Level 6.0 Dodging
 + Level 2.5 Stealth
 - Level 3.0 Spellcasting
 - Level 2.0 Conjurations
 + Level 9.5 Air Magic
 - Level 11.0 Poison Magic
 + Level 2.1 Evocations


You had 4 spell levels left.
You knew the following spells:

 Your Spells              Type           Power      Damage    Failure   Level
a - Airstrike             Air            19%        2d(3-19)  4%          4
o - Olgreb's Toxic Radia  Pois           61%        N/A       2%          4
p - Poisonous Vapours     Pois/Air       100%       N/A       1%          2
z - Shock                 Conj/Air       96%        1d9       1%          1

Your spell library contained the following spells:

 Spells                   Type           Power      Damage    Failure   Level
 Freeze                   Ice            8%         1d3       21%         1
 Sting                    Tmut/Pois      100%       1d8       1%          1
 Swiftness                Air            39%        N/A       1%          3
 Static Discharge         Conj/Air       48%        2-4/arc   2%          2
 Necrotise                Necr           8%         1d4       21%         1
 Sandblast                Erth           4%         2d4       21%         1
 Vhi's Electric Charge    Tloc/Air       40%        N/A       28%         4
 Scorch                   Fire           4%         2d5       30%         2
 Vampiric Draining        Necr           2%         2d6       52%         3
 Flame Wave               Conj/Fire      6%         2d5       78%         4
 Leda's Liquefaction      Hex/Erth       1%         N/A       89%         4
 Arcjolt                  Conj/Air       12%        1d22      45%         5
 Agony                    Necr           2%         N/A       99%         5
 Plasma Beam              Fire/Air       10%        2x1d21    99%         6
 Bombard                  Conj/Erth      3%         9d1       100%        6
 Summon Cactus Giant      Summ           1%         N/A       100%        6
 Shatter                  Erth           1%         3d5*      100%        9

Inventory:

Hand Weapons
 l - a +1 spear of venom
Missiles
 c - 6 throwing nets {=f}
Armour
 a - a +0 robe
 d - a +1 leather armour of poison resistance (worn)
 f - a +0 pair of gloves (worn)
 w - an orb of energy
Magical Staves
 p - a staff of fire {!a}
 r - a staff of poison (weapon) {!a}
Jewellery
 s - an amulet of regeneration
 A - an amulet of reflection (around neck)
 E - a +5 ring of evasion
 F - a ring of fire
Wands
 k - a wand of charming (9)
 n - a wand of mindburst (22)
 z - a wand of acid (10)
 D - a wand of digging (1)
 G - a wand of polymorph (2)
Scrolls
 h - 4 scrolls of teleportation {@r2}
 j - a scroll of fog {unknown}
 m - 2 scrolls of enchant weapon {unknown}
 o - a scroll of butterflies {unknown}
 u - 2 scrolls of blinking
 y - a scroll of silence {unknown}
 C - 2 scrolls of poison {unknown}
Potions
 b - a potion of magic
 e - 2 potions of degeneration
 g - a potion of brilliance {unknown}
 i - a potion of lignification
 q - 2 potions of invisibility
 t - 2 potions of ambrosia
 v - 3 potions of might
 x - a potion of enlightenment
 B - a potion of cancellation

Dungeon Overview and Level Annotations

Branches:
Dungeon (9/15)             Temple (1/1) D:5            Lair (0/5) D:9
    Orc: D:9-12

Altars:
Cheibriados
Dithmenos
Fedhas
Gozag
Hepliaklqana
Kikubaaqudgha
Makhleb
Nemelex Xobeh
Qazlal
Ru
Trog
Vehumet
Wu Jian
Yredelemnul
Zin
The Shining One

Shops:
D:6 *

Annotations:
D:3 1 runed translucent door, Crazy Yiuf
D:5 exclusion: black bear, Edmund
D:8 dig vault
Temple 2 transporters

#####...##''####......
#...'......#.).(..
#...#......#......
#...#......#....##
#...#......#.).^#.
#...#......#....#.
####...###..>.#...)#.
#........######).....
#...@....[.........#.
#..§l..............#.
#..§###########....#.
#..§# #....## #§§.#
#...... #?..# #......
#§D.# #...... #....
....... ≈≈≈≈≈§


You could see a wyvern (very poisoned).


Message History

The centaur wields a +0 orcbow.
The centaur shoots an arrow.
The arrow hits you.
The troll is engulfed in noxious fumes.
The troll appears confused.
The troll mumbles something.
The steam dragon breathes steam at you. The ball of steam hits you!
Unknown command.
Unknown command.
The centaur shoots an arrow.
You block the arrow with an invisible shield... and reflect it back!
The arrow closely misses the centaur.
The wyvern is engulfed in a cloud of scalding steam.
The wyvern bites you!
* * * LOW HITPOINT WARNING * * *
Unknown command.
Casting: Olgreb's Toxic Radiance (dangerous; 2% risk of failure)
Confirm with . or Enter, or press ? or * to list all spells.
Aiming: Airstrike (dangerous; 4% risk of failure)
Press: ? - help, Dir - move target, f - wyvern, p - steam dragon
Aim: a wyvern (heavily wounded, very poisoned, empty space bonus: 5/8)
The air twists around and strikes the wyvern.
The wyvern is severely wounded.
The wyvern bites you!
* * * LOW HITPOINT WARNING * * *
Unknown command.
The wyvern attacks as it pursues you! The wyvern misses you.
You feel a bit more experienced. The steam dragon breathes steam at you.
The ball of steam hits you!!
You die...

Skill      XL: |  1  2  3  4  5  6  7  8  9 10 |
---------------+-------------------------------+-----
Conjurations   | 2 |  2.0
Air Magic      | 5 6 7 9 |  9.5
Poison Magic   | 2 3 4 6 8 9 11 | 11.0
Fighting       | 1 2 4 |  4.0
Armour         | 3 4 |  4.0
Spellcasting   | 3 |  3.0
Dodging        | 6 |  6.0
Evocations     | 2 |  2.1
Stealth        | |  2.5

Action                     |  1- 3 |  4- 6 |  7- 9 | 10-12 || total
---------------------------+-------+-------+-------+-------++-------
  Melee: Unarmed           |     4 |       |       |       ||     4
         Kick              |     2 |     7 |     6 |     5 ||    20
         Spear             |       |    34 |       |       ||    34
         Punch             |       |     2 |     1 |       ||     3
         Peck              |       |     5 |     2 |     3 ||    10
         Staff             |       |     1 |    23 |    14 ||    38
   Cast: Shock             |    84 |    37 |    57 |    31 ||   209
         Poisonous Vapours |       |    55 |    77 |    32 ||   164
         Olgreb's Toxic Ra |       |       |     9 |     5 ||    14
         Airstrike         |       |       |     7 |    12 ||    19
  Evoke: Wand              |       |     3 |     2 |     3 ||     8
    Use: Potion            |       |     1 |     1 |       ||     2
         Scroll            |       |     3 |     5 |     1 ||     9
   Stab: Confused          |       |       |       |     1 ||     1
 Armour: Robe              |     5 |    26 |     7 |       ||    38
         Leather armour    |       |       |    13 |    18 ||    31
  Dodge: Dodged            |    12 |    53 |    72 |    33 ||   170
  Block: Other             |       |       |     3 |    16 ||    19
         Reflection        |       |       |     2 |     2 ||     4

Levels and vault maps discovered:
D:1:      minmay_arrival_loop, layout_basic,
          hellmonk_ecumenical_altar_inner_sanctum
D:2:      kennysheep_big_flooded_room, layout_basic, kennysheep_nub
D:3:      layout_basic, yredelemnul_altar_generic, uniq_crazy_yiuf_cottage,
          uniq_ijyb
D:4:      layout_basic, interstate_on_off
D:5:      layout_layer_cave, worldfamousw_hep_ancestral_shrine,
          overflow_temple_1_default, minmay_temple_entry_glass, uniq_duvessa,
          uniq_edmund
D:6:      corexii_shack_village, layout_basic, serial_shops,
          nicolae_diamond_shop
D:7:      layout_loops_cross, mainiacjoe_overflow_six_doors_small,
          corexii_item_surrounded_by_moat, minmay_misc_feat_iff,
          serial_bayou_crossing, uniq_jeremiah, uniq_joseph
D:8:      layout_rooms, pdpol_temple_overflow_zin_treasury_gozag_greed,
          mainiacjoe_overflow_brackets,
          mainiacjoe_overflow_concentric_impassable, kennysheep_generic_room_16
D:9:      layout_irregular_city, fedhas_altar_1, xom_confusion_cloud,
          chequers_temple_overflow_minitemple, mainiacjoe_overflow_24_doors,
          erik_orc_1, minmay_gold_behind_fungi
Temple:   hellmonk_temple_divided_pantheon

Notes
Turn   | Place    | Note
-------+----------+-------------------------------------------
     0 | D:1      | quinnr the Tengu Air Elementalist began the quest for the
                  | Orb.
     0 | D:1      | Reached XP level 1. HP: 10/10 MP: 4/4
   381 | D:1      | Reached XP level 2. HP: 15/15 MP: 1/6
   567 | D:1      | Reached skill level 2 in Conjurations
   763 | D:1      | Found a faded altar of an unknown god.
   846 | D:1      | Reached XP level 3. HP: 19/19 MP: 3/7
  1175 | D:1      | Reached skill level 5 in Air Magic
  1693 | D:2      | Reached XP level 4. HP: 24/24 MP: 0/8
  1782 | D:2      | Learned a level 2 spell: Poisonous Vapours
  2087 | D:2      | Reached skill level 6 in Air Magic
  2087 | D:2      | Reached skill level 1 in Poison Magic
  2456 | D:3      | Noticed Ijyb
  2747 | D:3      | Found a basalt altar of Yredelemnul.
  3003 | D:3      | Killed Ijyb
  3004 | D:3      | Reached skill level 2 in Poison Magic
  3004 | D:3      | Reached XP level 5. HP: 17/28 MP: 3/9
  3421 | D:3      | Found a runed translucent door.
  3422 | D:3      | Noticed Crazy Yiuf
  3619 | D:3      | Reached skill level 3 in Poison Magic
  3996 | D:4      | Noticed a phantom
  4259 | D:4      | Reached skill level 1 in Fighting
  4265 | D:4      | Reached XP level 6. HP: 34/34 MP: 1/10
  4382 | D:3      | Learned a level 4 spell: Olgreb's Toxic Radiance
  4413 | D:5      | Entered Level 5 of the Dungeon
  4431 | D:3      | Reached skill level 4 in Poison Magic
  4543 | D:4      | Reached skill level 2 in Fighting
  4842 | D:5      | Noticed Edmund
  4842 | D:5      | Noticed a black bear
  4909 | D:5      | Gained mutation: Your magical flight helps you evade
                  | attacks. (EV +4) [Tengu growth]
  4909 | D:5      | Reached XP level 7. HP: 40/40 MP: 4/11
  4983 | D:5      | Found a staircase to the Ecumenical Temple.
  4986 | D:5      | Reached skill level 3 in Fighting
  4996 | Temple   | Found a transporter.
  4996 | Temple   | Found a transporter.
  4996 | Temple   | Found a transporter.
  4996 | Temple   | Found a transporter.
  4996 | Temple   | Entered the Ecumenical Temple
  5144 | D:5      | Noticed Duvessa
  5144 | D:5      | Noticed Dowan
  5154 | D:5      | Killed Dowan
  5155 | D:5      | Reached skill level 5 in Poison Magic
  5157 | D:5      | Killed Duvessa
  5350 | D:5      | Reached skill level 4 in Fighting
  5413 | D:5      | Found a hazy altar of Hepliaklqana.
  5744 | D:6      | Reached skill level 6 in Poison Magic
  5744 | D:6      | Reached XP level 8. HP: 25/48 MP: 2/12
  5840 | D:6      | Reached skill level 7 in Poison Magic
  6323 | D:6      | Learned a level 4 spell: Airstrike
  6387 | D:6      | Reached skill level 1 in Armour
  6502 | D:6      | Reached skill level 2 in Armour
  6615 | D:6      | Found Foavacod's Assorted Antiques.
  6642 | D:6      | Reached skill level 8 in Poison Magic
  6738 | D:6      | Bought a scroll of teleportation for 57 gold pieces
  6900 | D:6      | Reached skill level 3 in Armour
  6900 | D:6      | Reached skill level 7 in Air Magic
  7313 | D:7      | Reached XP level 9. HP: 52/52 MP: 6/13
  7490 | D:7      | Found a radiant altar of Vehumet.
  7498 | D:7      | Became a worshipper of Vehumet
  7794 | D:7      | Reached skill level 4 in Armour
  7798 | D:7      | Noticed Joseph
  7819 | D:7      | Killed Joseph
  7820 | D:7      | Reached skill level 8 in Air Magic
  7889 | D:7      | Reached skill level 9 in Poison Magic
  8083 | D:7      | Noticed Jeremiah
  8090 | D:7      | Killed Jeremiah
  8091 | D:7      | Reached skill level 9 in Air Magic
  8091 | D:7      | Reached skill level 3 in Spellcasting
  8173 | D:7      | Reached skill level 3 in Dodging
  8553 | D:8      | Reached skill level 4 in Dodging
  8679 | D:8      | Found a glowing silver altar of Zin.
  8730 | D:8      | Reached skill level 5 in Dodging
  8905 | D:8      | Found a snail-covered altar of Cheibriados.
  8925 | D:8      | Reached skill level 6 in Dodging
  8972 | D:8      | Reached XP level 10. HP: 36/56 MP: 6/15
  9141 | D:8      | Found an ancient bone altar of Kikubaaqudgha.
  9151 | D:8      | Got a colourful book
  9291 | D:8      | Found an opulent altar of Gozag.
  9371 | D:9      | Reached skill level 10 in Poison Magic
  9478 | D:9      | Found a blossoming altar of Fedhas.
  9505 | D:9      | Found a glowing golden altar of the Shining One.
  9590 | D:9      | Found a staircase to the Lair.
  9755 | D:9      | Reached * piety under Vehumet
  9755 | D:9      | Offered knowledge of Freeze by Vehumet.
  9897 | D:9      | Reached skill level 11 in Poison Magic
  9993 | D:9      | Reached skill level 1 in Evocations
 10358 | D:9      | Reached skill level 2 in Evocations
 10510 | D:9      | Killed from afar by a steam dragon

Vanquished Creatures
  Joseph (D:7)
  Jeremiah (D:7)
  A vampire (D:9)
  A wyvern (D:8)
  4 yaks (D:9)
  A steam dragon (D:8)
  A water moccasin (D:8)
  An acid dragon (D:8)
  Duvessa (D:5)
  A swamp drake (D:9)
  An ice beast (D:7)
  2 sky beasts
  6 orc warriors
  4 centaurs
  3 ogres
  2 bullfrogs
  3 scorpions
  4 wights (D:9)
  3 killer bees (D:8)
  Dowan (D:5)
  4 howler monkeys
  3 hounds
  9 orc priests
  8 orc wizards
  4 iguanas
  Ijyb (D:3)
  5 gnolls
  9 adders
  A shadow imp (D:5)
  2 white imps
  An ufetubus (D:6)
  3 worms
  3 dart slugs
  38 orcs
  5 endoplasms
  A giant cockroach (D:4)
  12 hobgoblins
  7 kobolds
  A quokka (D:2)
  8 ball pythons
  7 bats
  5 frilled lizards
  11 goblins
  5 rats
195 creatures vanquished.

Vanquished Creatures (others)
  A kobold brigand (D:8)
  A bullfrog (D:9)
  An orc wizard (D:9)
3 creatures vanquished.

Grand Total: 198 creatures vanquished

Table legend: (Time is in decaauts)
 A = Elapsed time spent in this place.
 B = Non-inter-level travel time spent in this place.
 C = Inter-level travel time spent in this place.
 D = Time resting spent in this place.
 E = Time spent auto-exploring this place.
 F = Levels seen in this place.
 G = Mean time per level.
                   A        B        C        D        E       F      G
               +--------+--------+--------+--------+--------+-----+--------+
         Total |  10528 |  10021 |    507 |    777 |   7432 |  10 | 1052.8 |
       Dungeon |  10428 |   9921 |    507 |    777 |   7368 |   9 | 1158.7 |
        Temple |     99 |     99 |      0 |      0 |     64 |   1 |   99.0 |
               +--------+--------+--------+--------+--------+-----+--------+

Top non-repeatable levels by time:
     D:3: 1708 daAuts
     D:6: 1528 daAuts
     D:1: 1275 daAuts
     D:2: 1259 daAuts
     D:9: 1157 daAuts
     D:7: 1149 daAuts
     D:8: 948 daAuts
     D:5: 930 daAuts
     D:4: 471 daAuts
  Temple: 99 daAuts

Table legend:
 A = Non-vault XP
 B = Vault XP
 C = Vault XP percentage of total XP
 D = Non-vault monster count
 E = Vault monster count
 F = Vault count percentage of total count
                 A         B        C        D         E       F
            +---------+---------+-------+---------+---------+-------
      Total |    5519 |    2081 |  27.4 |     158 |      39 |  19.8
            +---------+---------+-------+---------+---------+-------
        D:1 |      55 |       0 |   0.0 |      24 |       0 |   0.0
        D:2 |      60 |      16 |  21.1 |      19 |       2 |   9.5
        D:3 |     168 |      35 |  17.2 |      21 |       1 |   4.5
        D:4 |     123 |       0 |   0.0 |      11 |       0 |   0.0
        D:5 |     371 |     210 |  36.1 |       8 |       2 |  20.0
        D:6 |    1273 |      27 |   2.1 |      25 |      12 |  32.4
        D:7 |     632 |     812 |  56.2 |      18 |       2 |  10.0
        D:8 |     953 |     370 |  28.0 |      13 |       3 |  18.8
        D:9 |    1884 |     611 |  24.5 |      19 |      17 |  47.2
            +---------+---------+-------+---------+---------+-------

Levels and vault maps discovered:
D:1:      minmay_arrival_loop, layout_basic,
          hellmonk_ecumenical_altar_inner_sanctum
D:2:      kennysheep_big_flooded_room, layout_basic, kennysheep_nub
D:3:      layout_basic, yredelemnul_altar_generic, uniq_crazy_yiuf_cottage,
          uniq_ijyb
D:4:      layout_basic, interstate_on_off
D:5:      layout_layer_cave, worldfamousw_hep_ancestral_shrine,
          overflow_temple_1_default, minmay_temple_entry_glass, uniq_duvessa,
          uniq_edmund
D:6:      corexii_shack_village, layout_basic, serial_shops,
          nicolae_diamond_shop
D:7:      layout_loops_cross, mainiacjoe_overflow_six_doors_small,
          corexii_item_surrounded_by_moat, minmay_misc_feat_iff,
          serial_bayou_crossing, uniq_jeremiah, uniq_joseph
D:8:      layout_rooms, pdpol_temple_overflow_zin_treasury_gozag_greed,
          mainiacjoe_overflow_brackets,
          mainiacjoe_overflow_concentric_impassable, kennysheep_generic_room_16
D:9:      layout_irregular_city, fedhas_altar_1, xom_confusion_cloud,
          chequers_temple_overflow_minitemple, mainiacjoe_overflow_24_doors,
          erik_orc_1, minmay_gold_behind_fungi
Temple:   hellmonk_temple_divided_pantheon
